 Dungeon Sprint DCSS version 0.27.1-34-g3ba077fa99 (webtiles) character file.

Game seed: 8094251313076976075

4 JuniperTheExplorer the Shield-Bearer (level 1, -5/19 HPs)
             Began as a Formicid Fighter on Jan 21, 2022.
             Slain by a gnoll shaman (9 damage)
             ... in the Dungeon (Sprint IX: "|||||||||||||||||||||||||||||").
             The game lasted 00:00:24 (65 turns).

JuniperTheExplorer the Shield-Bearer (FoFi)           Turns: 65, Time: 00:00:24

Health: -5/19      AC:  7    Str: 20    XL:     1   Next: 66%
Magic:  1/1        EV:  8    Int:  7    God:
Gold:   0          SH:  9    Dex: 10    Spells: 0/0 levels left

rFire    . . .     SeeInvis +   a - +0 quarterstaff
rCold    . . .     Faith    .   c - +0 kite shield
rNeg     . . .     Spirit   .   b - +0 scale mail
rPois    .         Reflect  .   (helmet unavailable)
rElec    .         Harm     .   (no cloak)
rCorr    .         Rampage  .   (no gloves)
Will     .....                  (no boots)
Stlth    ..........             (no amulet)
HPRegen  0.06/turn              (no ring)
MPRegen  0.07/turn              (no ring)

@: lit by a corona, glowing
A: permanent stasis, dig shafts and tunnels, antennae 3, four strong arms
a: Dig


You were in the Dungeon.
You visited 1 branch

Inventory:

Hand Weapons
 a - a +0 quarterstaff (weapon)
Armour
 b - a +0 scale mail (worn)
 c - a +0 kite shield (worn)
Potions
 d - a potion of might
 f - a potion of heal wounds
 g - 2 potions of magic


   Skills:
 + Level 3.8 Fighting
 + Level 2.2 Staves
 + Level 3.7 Armour
 + Level 4.2 Shields


You couldn't memorise any spells.
You didn't know any spells.
Your spell library was empty.

Dungeon Overview and Level Annotations

Branches:
Dungeon (1/1)

Altars:


Innate Abilities, Weirdness & Mutations

You cannot be hasted, slowed, berserked, paralysed or teleported.
You can dig through walls and to a lower floor.
You have a pair of large antennae on your head. (SInv)
Your four strong arms can wield two-handed weapons with a shield.


Message History

A black bear, a gnoll shaman, an orc, an ufetubus and a skeleton come into view.
The orc is wielding a +1 war axe of electrocution.
The orc shouts!
The black bear growls angrily.
The ufetubus shouts!
The gnoll shaman shouts!
You hit the gnoll shaman.
The gnoll shaman is lightly wounded.
You block the gnoll shaman's attack.
You completely miss the gnoll shaman.
The gnoll shaman is lightly wounded.
The gnoll shaman barely misses you.
You closely miss the gnoll shaman.
The gnoll shaman is lightly wounded.
The gnoll shaman hits you with a +0 whip.
You block the gnoll shaman's attack.
You closely miss the gnoll shaman.
The gnoll shaman is lightly wounded.
The gnoll shaman closely misses you.
You hit the gnoll shaman.
The gnoll shaman is moderately wounded.
The gnoll shaman hits you with a +0 whip.
You barely miss the gnoll shaman.
The gnoll shaman is moderately wounded.
You block the gnoll shaman's attack.
The gnoll shaman hits you with a +0 whip.
* * * LOW HITPOINT WARNING * * *
You feel better.
The gnoll shaman mumbles some strange prayers to its god against you.
You are outlined in light.
You completely miss the gnoll shaman.
The gnoll shaman is moderately wounded.
The gnoll shaman hits you with a +0 whip.
You barely miss the gnoll shaman.
The gnoll shaman is moderately wounded.
The gnoll shaman hits you with a +0 whip.
* * * LOW HITPOINT WARNING * * *
You hit the gnoll shaman.
The gnoll shaman is heavily wounded.
You block the gnoll shaman's attack.
The gnoll shaman hits you with a +0 whip!
You die... { ▓▓▓▓▓▓▓▓▓▓▓▓▓▓▓▓▓▓ +.Zoh5g@...)†...<▓ ▓▓▓▓▓▓▓▓▓▓▓▓▓▓▓▓▓▓

You could see a black bear, a gnoll shaman, an orc, an ufetubus and an adder skeleton.

Vanquished Creatures
  A kobold (D)
  A ball python (D)
  3 rats (D)
5 creatures vanquished.

Notes
Turn   | Place    | Note
-------+----------+-------------------------------------------
     0 | D        | JuniperTheExplorer the Formicid Fighter began the quest for
                  | the Orb.
     0 | D        | Reached XP level 1. HP: 18/18 MP: 1/1
     8 | D        | Reached skill level 4 in Shields
    55 | D        | Noticed a black bear
    55 | D        | Noticed a gnoll shaman
    65 | D        | Slain by a gnoll shaman

Illustrated notes

Levels and vault maps discovered:
D:        linesprint [early_d, line_temple, items_1, d_10, items_2, lair_1,
          lair_end, items_3, orc_1, orc_end, items_4, d_15, swamp_1, shoals_1,
          snake_1, spider_1, d_20, vaults_1, items_5, swamp_end, shoals_end,
          snake_end, spider_end, vaults_end, d_27, items_6, zot_1, zot_end,
          crypt_end, forest_end, elf_end, slime_end, tomb_end, abyss_end,
          pan_hell_end]

Skill      XL: |  1 |
---------------+----+-----
Shields        | 4 |  4.2
Fighting       | |  3.8
Staves         | |  2.2
Armour         | |  3.7

Action                   || total
-------------------------++-------
Melee: Quarterstaff      ||    17
  Use: Potion            ||     1
Armor: Scale mail        ||     1
Dodge: Dodged            ||     2
Block: Kite shield       ||     9
